 Dungeon Crawl Stone Soup version 0.16.2-12-gd0ad4c3 (webtiles) character file.

1465 Kloppie the Fighter (level 8, -12/84 HPs)
             Began as a Gargoyle Berserker on Oct 27, 2015.
             Was a Priest of Trog.
             Mangled by a decayed bog body (16 damage)
             ... in an ossuary.
             The game lasted 00:10:28 (5638 turns).

Kloppie the Fighter (Gargoyle Berserker)            Turns: 5638, Time: 00:10:28

Health: -12/84     AC: 14    Str: 27    XL:     8   Next: 77%
Magic:  8/8        EV: 10    Int:  7    God:    Trog [***...]
Gold:   220        SH:  0    Dex: 11    Spells: 0 memorised, 7 levels left

rFire  . . .     SeeInvis .     q - +5 club (curse)
rCold  . . .     Clarity  .     s - +0 scale mail (curse)
rNeg   + . .     SustAb   .     (no shield)
rPois  ∞         Gourm    .     (no helmet)
rElec  +         Spirit   .     x - +2 cloak (curse)
rCorr  .         Warding  .     (no gloves)
rMut   .         Stasis   .     (no boots)
MR     .....                    (no amulet)
Stlth  ..........               (no ring)
                                (no ring)

@: berserking, very quick, not resistant to hostile enchantments, extremely
unstealthy
A: negative energy resistance 1, electricity resistance, unbreathing,
petrification resistance, rot immunity, AC +5
a: Burn Spellbooks, Berserk, Trog's Hand, Renounce Religion


You were in an ossuary.
You worshipped Trog.
Trog was most pleased with you.
You were not hungry.

You visited 2 branches of the dungeon, and saw 7 of its levels.
You also visited: Ossuary.

You collected 220 gold pieces.

Inventory:

Hand weapons
 a - a cursed +0 mace
 g - a cursed -1 mace
 p - a cursed +5 flail
 q - a cursed +5 club (weapon)
Armour
 s - a cursed +0 scale mail (worn)
 x - a cursed +2 cloak (worn)
Jewellery
 t - a cursed +3 ring of intelligence {unknown}
Magical devices
 B - a wand of flame (37)
Scrolls
 d - 3 scrolls of teleportation {unknown}
 e - 5 scrolls of immolation {unknown}
 i - 6 scrolls of identify {unknown}
 j - 4 scrolls of noise {unknown}
 n - 3 scrolls of fear {unknown}
 o - 8 scrolls of remove curse {unknown}
 y - 3 scrolls of random uselessness {unknown}
Potions
 b - a potion of degeneration {unknown}
 f - 2 potions of heal wounds {unknown}
 h - a potion of resistance {unknown}
 k - a potion of haste {unknown}
 l - 2 potions of agility {unknown}
 m - a potion of magic {unknown}
 r - 2 potions of poison {unknown}
 u - 4 potions of curing {unknown}
 w - a potion of invisibility {unknown}
 z - a potion of brilliance {unknown}
 A - 2 potions of might {unknown}
Comestibles
 c - 2 bread rations


   Skills:
 + Level 8.8 Fighting
 + Level 8.1 Maces & Flails
 - Level 2.1 Armour
 - Level 1.5 Dodging


You had 7 spell levels left.
You didn't know any spells.

Dungeon Overview and Level Annotations

Branches:
Dungeon (6/15)             Temple (1/1) D:4

Altars:
Ashenzari
Cheibriados
Elyvilon
Fedhas
Gozag
Kikubaaqudgha
Makhleb
Nemelex Xobeh
Okawaru
Qazlal
Ru
Sif Muna
Vehumet
Yredelemnul
Zin


Innate Abilities, Weirdness & Mutations

You are resistant to torment.
You are immune to poison.
Your stone body is very resilient (AC +5).
You resist negative energy.
You are resistant to electric shocks.
You can survive without breathing.
You are immune to petrification.
You are immune to rotting.


Message History

You barely miss the decayed bog body. You barely miss the decayed bog body.
The decayed bog body hits you!
* * * LOW HITPOINT WARNING * * *
The decayed bog body barely misses you. The decayed bog body hits you.
* * * LOW HITPOINT WARNING * * *
The decayed bog body touches you but does no damage.
You closely miss the decayed bog body. You thump the decayed bog body!
The decayed bog body is severely damaged.
The decayed bog body gestures at you while chanting.
The puff of frost hits you!
The decayed bog body hits you but does no damage.
The decayed bog body barely misses you.
You hit the decayed bog body.
You destroy the decayed bog body!
Trog appreciates your killing of a magic user.
You sock the decayed bog body!
The decayed bog body is severely damaged.
The decayed bog body hits you!
You die...

#.#.#P≈.#P#P .
###'#≈≈≈#.≈≈≈.#≈##≈ ≈
#.'...≈.≈≈≈≈.≈≈≈..##≈
###.##≈##≈##+##≈≈≈≈≈
#.'.#...# #≈..≈#
###.#.∩.### #≈≈#≈##
#.'.#..∩#.# #≈.P≈≈#
###.#####'#####≈†n≈##
#.'........≈≈≈..@P≈≈#
###.#####'#####.≈≈##≈≈#
#.'.#...#.#...#≈..##
###.#...###...#≈##≈#
#.'.#...#.#...#.'.##
###.##'##'##'##.###
#.'.............'.#
###'#'#'#'#'#'#'###
#.#.#.#.#.#.#.#


You could see a decayed bog body.

Vanquished Creatures
  2 ogres (D:5)
  Sigmund (D:2)
  A wyvern zombie (Ossuary)
  A scorpion (D:4)
  4 crimson imps (D:5)
  A centaur zombie (Ossuary)
  5 giant frog zombies
  5 bog bodies (Ossuary)
  An iguana (D:5)
  4 orc wizards
  3 worker ants
  A killer bee zombie (Ossuary)
  2 hound zombies (Ossuary)
  Terence (D:2)
  A hound skeleton (D:4)
  6 mummies (Ossuary)
  Robin (D:2)
  4 adders
  3 gnolls (D:3)
  3 worker ant zombies (Ossuary)
  A shadow imp (D:5)
  3 adder zombies
  A giant gecko (D:3)
  An ooze (D:4)
  17 orcs
  A bat skeleton (D:4)
  4 bat zombies (Ossuary)
  11 goblins
  11 hobgoblins
  8 jackals
  2 quokkas
  12 bats
  3 giant cockroaches
  A giant gecko zombie (Ossuary)
  7 giant newts
  2 jackal zombies
  9 kobolds
  2 quokka zombies (Ossuary)
  11 rats
157 creatures vanquished.

Vanquished Creatures (others)
  A plant (Ossuary)
1 creature vanquished.

Grand Total: 158 creatures vanquished

Notes
Turn   | Place    | Note
--------------------------------------------------------------
     0 | D:1      | Kloppie, the Gargoyle Berserker, began the quest for the Orb.
     0 | D:1      | Reached XP level 1. HP: 14/14 MP: 1/1
   325 | D:1      | Reached XP level 2. HP: 16/19 MP: 2/2
  1008 | D:2      | Reached skill level 4 in Fighting
  1008 | D:2      | Reached XP level 3. HP: 4/24 MP: 3/3
  1367 | D:2      | Noticed Robin
  1417 | D:2      | Killed Robin
  1644 | D:2      | Reached XP level 4. HP: 26/30 MP: 4/4
  1660 | D:2      | Acquired Trog's second power
  1711 | D:2      | Noticed Terence
  1722 | D:2      | Killed Terence
  1983 | D:2      | Found a snail-covered altar of Cheibriados.
  1986 | D:2      | Noticed Sigmund
  1994 | D:2      | Killed Sigmund
  1994 | D:2      | Reached skill level 5 in Fighting
  1994 | D:2      | Reached XP level 5. HP: 35/35 MP: 5/5
  2470 | D:3      | Reached skill level 5 in Maces & Flails
  2473 | D:3      | Reached XP level 6. HP: 34/40 MP: 6/6
  2896 | D:4      | Found a staircase to the Ecumenical Temple.
  2937 | Temple   | Entered the Ecumenical Temple
  3381 | D:4      | Reached skill level 6 in Fighting
  3449 | D:4      | Found a deep blue altar of Sif Muna.
  3449 | D:4      | Found an opulent altar of Gozag.
  3454 | D:4      | Found a burning altar of Makhleb.
  3735 | D:5      | Entered Level 5 of the Dungeon
  3848 | D:5      | Reached XP level 7. HP: 39/47 MP: 7/7
  4113 | D:5      | Reached skill level 7 in Fighting
  4409 | D:5      | Reached XP level 8. HP: 41/53 MP: 8/8
  4457 | D:5      | Found a radiant altar of Vehumet.
  5035 | D:6      | Found a sand-covered staircase.
  5040 | Ossuary  | Entered an ossuary
  5158 | Ossuary  | Reached skill level 8 in Fighting
  5634 | Ossuary  | HP: 3/84 [decayed bog body (3)]
  5638 | Ossuary  | Mangled by a decayed bog body

Action                   |  1- 3 |  4- 6 |  7- 9 || total
-------------------------+-------+-------+-------++-------
Melee: Mace              |   113 |       |       ||   113
       Club              |     6 |   220 |   327 ||   553
Invok: Berserk           |     1 |     1 |     1 ||     3
  Eat: Chunk             |     2 |     8 |     2 ||    12
       Beef jerky        |     1 |       |     1 ||     2
       Bread ration      |       |       |     1 ||     1
       Fruit             |       |       |     1 ||     1
